Map: Neon Violet Square LE

Players

Neeb

  • Race: Protoss Protoss
  • Spawn Location: 11:00

Zanster - Winner!

  • Race: Zerg Zerg
  • Spawn Location: 5:00

Event: WCS Leipzig 2018

VOD

Have the link to the VOD?

Description

Time

  • Played on: Jan. 26, 2018, 3:08 p.m.
  • Length: 21:19

All games in this series

Show
View Real Time Build Order
Export as new Build Order

Neeb Protoss 

Build Orders: 1 Gate Expand, Oracle Opening, Phoenix Opening, Archon Immortal 

Get SALT Encoding   

  12  0:00  Probe  
  13  0:12  Probe  
  14  0:20  Pylon  
  14  0:25  Probe  
  15  0:38  Probe (Chrono Boost)  
  16  0:45  Gateway  
  16  0:48  Probe (Chrono Boost)  
  17  0:50  Assimilator  
  17  0:53  Probe (Chrono Boost)  
  18  1:04  Probe  
  19  1:16  Probe  
  20  1:24  Nexus  
  20  1:34  Cybernetics Core  
  20  1:37  Probe  
  21  1:45  Assimilator  
  21  1:49  Probe  
  21  1:52  Pylon  
  22  2:01  Probe (Chrono Boost)  
  23  2:09  Adept (Chrono Boost)  
  23  2:13  Probe (Chrono Boost)  
  26  2:19  Probe (Chrono Boost)  
  26  2:22  Stargate  
  27  2:27  Adept (Chrono Boost)  
  27  2:28  Probe  
  30  2:36  Probe  
  31  2:38  Warp Gate  
  31  2:40  Probe  
  32  2:48  Probe  
  32  2:49  Adept (Chrono Boost)  
  35  2:52  Probe  
  36  3:00  Probe  
  36  3:04  Probe, Phoenix (Chrono Boost)  
  40  3:09  Pylon  
  40  3:12  Probe  
  41  3:16  Probe  
  42  3:24  Probe  
  43  3:28  Probe  
  43  3:29  Oracle (Chrono Boost)  
  47  3:36  Probe  
  47  3:38  Gateway  
  47  3:40  Probe, Gateway  
  49  3:48  Probe  
  49  3:49  Assimilator  
  49  3:50  Assimilator  
  49  3:52  Probe  
  51  3:58  Pylon  
  51  4:00  Probe  
  52  4:04  Probe  
  52  4:09  Pylon  
  53  4:12  Probe  
  53  4:14  Oracle (Chrono Boost)  
  53  4:16  Probe  
  58  4:18  Pylon  
  58  4:25  Probe  
  58  4:28  Probe  
  58  4:29  Nexus  
  60  4:37  Probe  
  61  4:40  Robotics Facility  
  61  4:41  Probe  
  61  4:45  Shield Battery  
  62  4:49  Probe  
  62  4:51  Twilight Council  
  63  4:53  Probe  
  63  4:58  Adept x2  
  68  5:01  Probe, Adept  
  69  5:08  Probe  
  69  5:13  Probe  
  68  5:20  Probe  
  69  5:25  Probe  
  64  5:30  Immortal (Chrono Boost), Charge  
  64  5:32  Probe  
  64  5:34  Templar Archives  
  69  5:37  Probe  
  71  5:43  Probe (Chrono Boost)  
  71  5:44  Probe (Chrono Boost)  
  71  5:49  Probe (Chrono Boost)  
  73  5:55  Probe (Chrono Boost)  
  73  5:56  Probe (Chrono Boost)  
  75  5:59  Adept x2  
  75  6:00  Probe (Chrono Boost), Adept  
  75  6:02  Probe x2 (Chrono Boost), Immortal (Chrono Boost)  
  87  6:04  Probe (Chrono Boost)  
  87  6:09  Probe  
  87  6:10  Probe  
  86  6:13  Pylon  
  86  6:16  Probe  
  83  6:21  Probe  
  83  6:22  Probe  
  83  6:24  Psionic Storm  
  85  6:28  Probe  
  85  6:30  High Templar  
  85  6:31  High Templar  
  90  6:35  Probe  
  90  6:36  Shield Battery, Immortal (Chrono Boost)  
  90  6:37  Probe  
  90  6:38  Assimilator  
  96  6:40  Probe  
  96  6:42  Assimilator  
  98  6:47  Probe  
  98  6:48  Gateway x2  
  98  6:49  Forge  
  98  6:50  Probe  
  99  6:54  Pylon  
  99  6:55  High Templar  
  99  6:59  Pylon  
  99  7:00  Pylon  
  101  7:11  Warp Prism (Chrono Boost)  
  101  7:12  Protoss Ground Weapons Level 1 (Chrono Boost)  
  103  7:16  High Templar  
  103  7:17  High Templar  
  103  7:20  Gateway  
  107  7:24  Gateway  
  107  7:30  Gateway  
  107  7:34  Nexus  
  107  7:37  Robotics Facility, Pylon  
  107  7:38  Photon Cannon  
  107  7:40  Photon Cannon  
  107  7:41  High Templar  
  107  7:43  Observer  
  110  7:48  Probe  
  110  7:49  Probe x2  
  113  7:51  Assimilator  
  113  7:54  Assimilator  
  113  8:02  Zealot x4  
  113  8:05  Immortal (Chrono Boost)  
  125  8:06  Probe  
  125  8:08  Pylon  
  125  8:10  Probe  
  127  8:21  Gateway  
  127  8:23  Gateway  
  127  8:24  Zealot  
  129  8:27  Pylon  
  129  8:29  High Templar x4  
  129  8:30  Immortal (Chrono Boost)  
  141  8:36  Pylon  
  141  8:37  Pylon  
  141  8:39  Immortal (Chrono Boost)  
  141  8:40  Archon x2  
  141  8:45  Probe  
  147  8:48  Probe x2  
  147  8:49  Protoss Ground Weapons Level 2 (Chrono Boost)  
  147  8:55  High Templar x2  
  152  8:56  Zealot x2, Immortal  
  152  8:59  Archon  
  160  9:13  Zealot  
  160  9:14  Zealot x3  
  168  9:18  Shield Battery, Immortal  
  172  9:25  Pylon  
  172  9:28  Nexus  
  172  9:31  Pylon  
  172  9:36  Immortal  
  170  9:42  Fleet Beacon  
  154  9:54  Zealot x7  
  167  10:03  Probe x2  
  167  10:05  Zealot x2  
  153  10:10  Immortal  
  153  10:13  Zealot  
  144  10:15  Immortal  
  144  10:17  Zealot  
  144  10:19  High Templar x4  
  154  10:27  Mothership (Chrono Boost)  
  148  10:34  Zealot x3  
  162  10:39  Zealot x2  
  166  10:46  Zealot  
  164  10:53  Sentry  
  164  10:54  Probe  
  164  10:56  Probe  
  150  11:06  Protoss Ground Weapons Level 3 (Chrono Boost)  
  150  11:09  Nexus  
  148  11:13  Pylon  
  148  11:15  Stargate  
  148  11:16  High Templar x3, Stargate  
  148  11:17  High Templar  
  156  11:21  Archon x2  
  155  11:34  Tempest (Chrono Boost)  
  161  11:40  High Templar x2, Nexus  
  161  11:45  Photon Cannon  
  161  11:46  Zealot  
  161  11:47  Zealot x3, Photon Cannon  
  173  11:49  Shield Battery  
  173  11:51  Shield Battery  
  173  11:55  Assimilator  
  173  11:59  Assimilator  
  173  12:07  Tempest (Chrono Boost)  
  173  12:08  Tempest (Chrono Boost)  
  169  12:09  Observer, Tempest (Chrono Boost)  
  180  12:25  Probe x3  
  180  12:26  Probe  
  180  12:46  High Templar x4  
  180  12:47  Zealot x3  
  180  12:48  Observer  
  180  12:50  Archon  
  193  13:02  Protoss Air Weapons Level 1 (Chrono Boost)  
  193  13:03  Graviton Catapult (Chrono Boost)  
  193  13:08  Archon  
  193  13:14  Carrier  
  193  13:15  Photon Cannon  
  193  13:16  Photon Cannon  
  193  13:17  Photon Cannon  
  183  13:20  Photon Cannon  
  183  13:22  High Templar x2  
  193  13:30  Zealot x3, Photon Cannon  
  193  13:32  Photon Cannon  
  193  13:34  Zealot x3  
  197  13:44  Protoss Shields Level 1 (Chrono Boost)  
  199  13:55  Photon Cannon x2  
  199  13:57  Photon Cannon  
  199  13:59  Photon Cannon x2  
  199  14:00  Carrier  
  199  14:02  Shield Battery  
  199  14:03  Pylon  
  199  14:09  Cybernetics Core  
  199  14:10  Nexus  
  199  14:12  Pylon  
  199  14:16  Pylon  
  193  14:28  Zealot x3  
  199  14:33  Zealot  
  199  14:35  Dark Shrine  
  199  14:37  Zealot x4  
  199  14:38  Zealot  
  193  14:39  Probe x5  
  192  14:51  Probe x4  
  192  14:52  Probe  
  176  14:59  Pylon  
  160  15:01  Pylon  
  160  15:03  Probe x4  
  160  15:04  Probe  
  161  15:07  Assimilator  
  161  15:11  High Templar x10  
  181  15:15  Probe x2, Archon x3  
  181  15:17  Archon  
  181  15:18  Archon  
  183  15:28  Probe x5  
  173  15:41  Void Ray x2 (Chrono Boost)  
  173  15:42  Void Ray (Chrono Boost)  
  185  15:44  Protoss Air Weapons Level 2 (Chrono Boost)  
  185  15:47  Probe  
  185  15:49  Probe  
  187  15:55  High Templar x2  
  191  15:59  Probe  
  159  16:12  High Templar  
  159  16:13  High Templar x5  
  159  16:16  Archon x2  
  159  16:18  Archon  
  170  16:20  Pylon  
  170  16:22  Void Ray x2  
  178  16:32  Probe x2  
  168  16:33  Probe x2  
  168  16:43  Zealot  
  168  16:44  Probe  
  145  16:55  Nexus  
  145  17:00  High Templar x4  
  145  17:01  High Templar x2  
  155  17:06  Archon x3  
  157  17:11  Void Ray (Chrono Boost)  
  157  17:12  Probe x2  
  157  17:13  Probe x2  
  165  17:19  Void Ray (Chrono Boost)  
  167  17:24  Probe  
  167  17:27  Assimilator  
  168  17:34  Observer, Protoss Shields Level 2 (Chrono Boost)  
  172  17:37  Void Ray (Chrono Boost)  
  173  17:44  Pylon  
  173  18:02  Void Ray (Chrono Boost)  
  173  18:06  Void Ray (Chrono Boost)  
  179  18:12  Nexus  
  179  18:17  Probe  
  175  18:32  High Templar x2  
  176  18:35  Pylon  
  176  18:38  Archon  
  176  18:39  High Templar x2  
  176  18:40  Zealot x3  
  186  18:45  Archon  
  185  18:58  Nexus  
  185  19:00  Pylon  
  183  19:04  Zealot x3  
  183  19:12  Zealot  
  183  19:13  Zealot x3  
  174  19:25  Zealot x3  
  136  19:39  High Templar x4  
  138  19:46  Archon  
  138  19:49  Stalker x3, Archon  
  140  20:11  Zealot x2  
  140  20:12  Zealot x5  
  136  20:32  High Templar  
  136  20:33  High Templar x5  
  136  20:34  Zealot  
  148  20:37  Archon x2  
  148  20:38  Archon  
  148  20:47  Assimilator  
Show
View Real Time Build Order
Export as new Build Order

Zanster Zerg - Winner!

Build Orders: Hatch First, Brood Lord Corruptor 

Get SALT Encoding   

  12  0:00  Drone  
  13  0:13  Overlord  
  13  0:18  Drone  
  14  0:31  Drone  
  14  0:32  Drone  
  16  0:36  Drone  
  17  0:53  Hatchery  
  17  0:56  Drone  
  17  0:59  Drone  
  18  1:10  Extractor  
  17  1:14  Spawning Pool  
  17  1:17  Drone  
  17  1:20  Drone  
  18  1:28  Drone  
  19  1:40  Drone  
  20  1:51  Overlord  
  20  2:01  Queen  
  22  2:05  Queen  
  22  2:06  Zergling x4  
  26  2:11  Metabolic Boost  
  26  2:12  Drone  
  27  2:16  Drone  
  28  2:23  Drone  
  28  2:28  Drone  
  30  2:33  Drone  
  31  2:39  Drone  
  32  2:45  Hatchery  
  32  2:48  Queen  
  34  2:51  Drone  
  34  2:55  Overlord  
  34  3:00  Zergling x4  
  36  3:06  Overlord  
  36  3:12  Overlord  
  36  3:14  Drone x2  
  36  3:17  Drone  
  36  3:18  Drone  
  36  3:19  Drone  
  41  3:21  Drone  
  41  3:23  Drone  
  43  3:31  Drone x2  
  43  3:33  Evolution Chamber  
  44  3:37  Overlord  
  44  3:46  Overlord  
  44  3:48  Spore Crawler  
  44  3:49  Spore Crawler  
  44  3:52  Drone x2  
  44  3:58  Drone  
  44  3:59  Zergling x4  
  44  4:00  Drone  
  44  4:01  Drone x3  
  50  4:07  Zerg Melee Weapons Level 1  
  50  4:09  Drone  
  51  4:10  Drone  
  51  4:12  Drone  
  51  4:16  Spore Crawler  
  52  4:21  Drone  
  52  4:22  Drone  
  54  4:24  Drone x2  
  54  4:28  Queen  
  54  4:29  Queen  
  60  4:34  Drone  
  60  4:35  Drone x2  
  62  4:39  Drone  
  62  4:40  Drone  
  62  4:41  Drone  
  62  4:44  Overlord  
  65  4:47  Overlord  
  65  4:52  Lair  
  64  5:02  Overlord  
  64  5:07  Zergling x20  
  64  5:12  Zergling x2  
  70  5:23  Drone  
  70  5:24  Drone x3  
  70  5:27  Extractor  
  70  5:28  Extractor  
  70  5:35  Drone x3  
  72  5:38  Hatchery  
  72  5:40  Baneling Nest  
  72  5:41  Drone x2  
  72  5:45  Drone  
  72  5:47  Drone x2  
  72  5:49  Drone  
  78  5:50  Drone x6  
  78  5:56  Hydralisk Den  
  81  5:57  Drone  
  81  5:58  Drone x2  
  81  6:03  Overlord  
  83  6:08  Zergling x2  
  82  6:17  Drone x8  
  84  6:22  Evolution Chamber  
  84  6:23  Zerg Melee Weapons Level 2  
  83  6:25  Drone  
  83  6:26  Drone x4  
  83  6:28  Extractor  
  83  6:30  Overlord  
  87  6:36  Zergling x4  
  87  6:39  Hatchery, Muscular Augments  
  88  6:40  Extractor  
  88  6:44  Overlord  
  88  6:45  Zergling x6  
  90  6:50  Zergling x8  
  90  6:51  Zergling x8  
  98  6:54  Overlord  
  98  6:58  Zerg Missile Weapons Level 1  
  95  7:08  Spire  
  95  7:10  Drone x4  
  95  7:11  Drone x3  
  95  7:12  Spore Crawler  
  100  7:15  Drone  
  100  7:17  Drone x7, Extractor  
  100  7:20  Drone  
  100  7:22  Overlord  
  108  7:27  Infestation Pit  
  107  7:31  Hydralisk x6  
  119  7:37  Zergling x2  
  119  7:38  Overlord  
  119  7:41  Overlord  
  119  7:42  Overlord  
  120  7:49  Overlord  
  120  7:51  Hydralisk x5  
  120  7:52  Zergling x2  
  120  7:53  Zergling x2  
  120  7:57  Zergling x10  
  137  8:00  Overseer  
  137  8:01  Zergling x6  
  140  8:07  Zergling x10  
  140  8:09  Overlord  
  145  8:13  Pneumatized Carapace  
  145  8:14  Hive  
  145  8:19  Spire  
  144  8:23  Hydralisk x3  
  144  8:24  Zergling x2  
  144  8:25  Zergling x4  
  153  8:30  Overlord  
  153  8:32  Centrifical Hooks  
  153  8:35  Drone  
  153  8:36  Drone x4, Extractor x2  
  153  8:39  Drone  
  153  8:40  Drone x5  
  162  8:52  Hydralisk, Spore Crawler  
  162  8:53  Zergling x8, Hydralisk  
  162  8:54  Zergling x10  
  174  8:56  Baneling x4  
  174  8:58  Baneling x5  
  174  9:01  Baneling x5  
  173  9:03  Overlord  
  173  9:11  Hydralisk x2  
  173  9:12  Zergling x10  
  182  9:17  Overlord  
  182  9:22  Zergling x2  
  182  9:23  Zergling x14  
  190  9:30  Overlord  
  181  9:39  Zerg Melee Weapons Level 3  
  181  9:40  Zerg Ground Armor Level 1, Adrenal Glands  
  177  9:47  Zergling x22  
  177  9:52  Zergling x2  
  189  9:53  Zergling x18  
  196  10:01  Overlord  
  196  10:03  Zergling x2  
  196  10:04  Zergling x6  
  165  10:14  Baneling  
  165  10:15  Baneling x9  
  165  10:16  Greater Spire  
  165  10:19  Zergling x12  
  154  10:32  Baneling x4  
  154  10:33  Hydralisk  
  154  10:34  Zergling x12  
  162  10:40  Baneling x5  
  162  10:42  Zergling x6  
  164  10:43  Zergling x4  
  162  10:52  Zergling x6  
  162  10:54  Hatchery  
  148  10:59  Drone x5  
  144  11:05  Hatchery  
  141  11:11  Corruptor  
  141  11:12  Corruptor x7  
  150  11:34  Zergling x18  
  159  11:40  Queen  
  159  11:45  Brood Lord x3  
  159  11:46  Drone x8  
  175  11:50  Zerg Ground Armor Level 2  
  175  11:51  Brood Lord x2  
  177  11:58  Brood Lord x3  
  177  12:00  Zergling x2  
  177  12:01  Zergling x16  
  184  12:13  Zergling x22  
  186  12:27  Zergling x2  
  186  12:28  Zergling x22  
  185  12:32  Zerg Flyer Weapons Level 1  
  185  12:39  Corruptor x6  
  197  12:49  Corruptor  
  199  13:03  Zerg Missile Weapons Level 2  
  199  13:06  Overseer x3  
  199  13:07  Overseer  
  199  13:11  Baneling  
  199  13:12  Baneling x9  
  186  13:21  Corruptor x2  
  184  13:37  Zergling x2  
  184  13:38  Zergling x44  
  193  13:47  Corruptor, Brood Lord x2  
  193  13:48  Corruptor  
  189  13:50  Zergling x18  
  189  13:52  Extractor  
  189  13:53  Extractor  
  189  13:54  Queen  
  200  13:59  Spine Crawler  
  200  14:01  Spine Crawler  
  198  14:08  Baneling x10  
  197  14:10  Drone x2  
  197  14:11  Spine Crawler  
  197  14:12  Spine Crawler  
  195  14:27  Zerg Flyer Armor Level 1  
  195  14:28  Spire  
  189  14:31  Zergling x12  
  189  14:32  Zergling x14  
  192  14:44  Zerg Ground Armor Level 3  
  192  14:45  Hatchery  
  186  14:48  Zergling x18  
  182  14:54  Extractor, Zergling x2  
  182  14:55  Zergling x8  
  182  14:56  Overlord x5  
  183  15:00  Baneling x5  
  183  15:04  Zergling x2  
  183  15:05  Zergling x2  
  186  15:14  Zergling x24  
  195  15:22  Hydralisk x2  
  198  15:34  Overseer  
  198  15:35  Overseer  
  196  15:36  Overseer, Overlord  
  196  15:52  Spore Crawler  
  196  15:53  Spore Crawler x3  
  196  15:54  Spore Crawler x3  
  196  15:57  Spore Crawler  
  180  15:58  Zergling x2  
  180  15:59  Zergling x52  
  192  16:11  Hydralisk x3  
  192  16:12  Zergling x2  
  192  16:17  Zerg Missile Weapons Level 3  
  199  16:20  Zerg Flyer Weapons Level 2  
  199  16:21  Ultralisk Cavern  
  198  16:26  Drone  
  198  16:31  Spore Crawler  
  187  16:43  Hydralisk x6  
  187  16:44  Zergling x20  
  189  16:52  Corruptor x7  
  189  16:53  Corruptor x3  
  199  17:15  Chitinous Plating  
  199  17:22  Zergling x2  
  196  17:38  Drone x2  
  196  17:39  Drone  
  196  17:41  Spore Crawler  
  196  17:43  Spore Crawler x2  
  196  17:44  Spore Crawler  
  195  17:55  Viper  
  198  18:00  Overseer x2  
  198  18:01  Spore Crawler, Overlord x3  
  198  18:02  Spore Crawler x3  
  198  18:03  Spore Crawler  
  198  18:05  Overlord, Overseer  
  193  18:07  Zerg Flyer Armor Level 2  
  181  18:21  Zergling x38  
  181  18:23  Pathogen Glands  
  197  18:51  Viper  
  180  19:14  Zergling x26  
  181  19:29  Corruptor x7  
  178  19:36  Hydralisk x16  
  198  19:43  Hydralisk x2  
  196  19:50  Hydralisk x7  
  196  19:51  Zergling x2  
  192  20:18  Zergling x20  
  174  20:43  Hydralisk x6  
  174  20:44  Zergling x4, Hydralisk  
  174  20:45  Zergling x14  
Tags
 
Add a new tag
Caveats
  • Supply blocks, unpowered buildings, or Contaminate may cause inaccurate times.
  • Supply counts are checked every 10 seconds.